 Dungeon Crawl Stone Soup version 0.21.1-1-g345015fe64 (webtiles) character file.

248 Jannitor the Skirmisher (level 5, -4/47 HPs)
             Began as a Minotaur Monk on May 30, 2018.
             Slain by a hippogriff (8 damage)
             ... on level 7 of the Dungeon.
             The game lasted 00:09:46 (5362 turns).

Jannitor the Skirmisher (Minotaur Monk)             Turns: 5362, Time: 00:09:47

Health: -4/47      AC:  0    Str: 15    XL:     5   Next: 86%
Magic:  4/4        EV: 12    Int:  7    God:
Gold:   143        SH:  9    Dex: 14    Spells: 4/4 levels left

rFire    + . .     SeeInvis .     - Unarmed
rCold    . . .     Gourm    .   i - +0 shield
rNeg     . . .     Faith    .   (no armour)
rPois    .         Spirit   .   (helmet restricted)
rElec    .         Reflect  .   (no cloak)
rCorr    .         Harm     .   (no gloves)
MR       .....                  (no boots)
Stlth    ++........             (no amulet)
HPRegen  0.15/turn              f - ring of protection from fire
MPRegen  0.09/turn              (no ring)

@: no status effects
A: retaliatory headbutt, horns 2
a: no special abilities


You were on level 7 of the Dungeon.
You were very hungry.

You visited 2 branches of the dungeon, and saw 8 of its levels.

You collected 143 gold pieces.

Inventory:

Missiles
 g - a throwing net (quivered)
Armour
 i - a +0 shield (worn)
 l - a +0 large shield
Jewellery
 f - a ring of protection from fire (left hand)
Scrolls
 a - 3 scrolls of remove curse
 c - 2 scrolls of magic mapping
 d - 5 scrolls of identify
 h - a scroll of amnesia {unknown}
 j - 2 scrolls of immolation {unknown}
 k - a scroll of teleportation
 m - a scroll of fog {unknown}
Potions
 e - 2 potions of curing
Comestibles
 b - 5 rations


   Skills:
 + Level 4.9 Fighting
 + Level 4.4 Dodging
 - Level 1.5 Stealth
 * Level 3.8 Shields
 + Level 4.5 Unarmed Combat


You had 4 spell levels left.
You didn't know any spells.

Dungeon Overview and Level Annotations

Branches:
Dungeon (7/15)             Temple (1/1) D:4

Altars:
Elyvilon
Fedhas
Hepliaklqana
Kikubaaqudgha
Makhleb
Nemelex Xobeh
Ru
Sif Muna
Trog
Uskayaw
Vehumet
Xom
Yredelemnul
Zin

Annotations:
D:3 Grinder
D:5 Eustachio, Menkaure


Innate Abilities, Weirdness & Mutations

You reflexively headbutt those who attack you in melee.
You have a pair of horns on your head.


Message History

Unknown command.
There is a stone staircase leading up here.
Your shield prevents you from hitting the hippogriff.
Your headbutt misses the hippogriff. The hippogriff bites you!
You block the hippogriff's attack. The hippogriff claws you!
* * * LOW HITPOINT WARNING * * *
You punch the hippogriff!
You headbutt the hippogriff, but do no damage.
The hippogriff is lightly wounded.
You are feeling very hungry.
You hit the hippogriff but do no damage.
The hippogriff is lightly wounded.
The hippogriff bites you.
* * * LOW HITPOINT WARNING * * *
The hippogriff completely misses you. The hippogriff claws you.
* * * LOW HITPOINT WARNING * * *
You closely miss the hippogriff.
The hippogriff is lightly wounded.
The hippogriff barely misses you. The hippogriff pecks you!
You die...

#######
.......
.......#######
.../....H@...#
####..<####.#
#....# ###..#
.... .#.#. ..
.... .. #. ..
... ....#


You could see a hippogriff.

Vanquished Creatures
  A howler monkey (D:5)
  A bullfrog zombie (D:5)
  2 worker ants
  A hound skeleton (D:4)
  A worker ant zombie (D:5)
  2 gnolls (D:4)
  2 adders
  A shadow imp (D:5)
  A worm (D:4)
  A dart slug (D:5)
  A leopard gecko (D:4)
  3 orcs
  2 giant cockroaches
  6 goblins
  A hobgoblin (D:1)
  4 jackals (D:2)
  4 kobolds
  2 ball pythons (D:2)
  A ball python skeleton (D:5)
  9 bats
  5 frilled lizards
  A quokka skeleton (D:4)
  3 rats
55 creatures vanquished.

Notes
Turn   | Place    | Note
-------+----------+-------------------------------------------
     0 | D:1      | Jannitor the Minotaur Monk began the quest for the Orb.
     0 | D:1      | Reached XP level 1. HP: 19/19 MP: 0/0
   407 | D:1      | Reached XP level 2. HP: 19/27 MP: 1/1
  1100 | D:2      | Reached skill level 1 in Shields
  1329 | D:2      | Reached XP level 3. HP: 21/33 MP: 2/2
  1675 | D:3      | Found a faded altar of an unknown god.
  1686 | D:3      | Noticed Grinder
  2053 | D:4      | Found a staircase to the Ecumenical Temple.
  2071 | D:4      | Reached XP level 4. HP: 7/41 MP: 3/3
  2375 | D:4      | Found a sparkling altar of Nemelex Xobeh.
  2712 | D:4      | HP: 2/41 [gnoll/spear (9)]
  2713 | Temple   | Entered the Ecumenical Temple
  3906 | D:4      | Found a bloodstained altar of Trog.
  3909 | D:4      | Found a deep blue altar of Sif Muna.
  3912 | D:4      | Found a hazy altar of Hepliaklqana.
  4183 | D:5      | Entered Level 5 of the Dungeon
  4206 | D:5      | Found a sacrificial altar of Ru.
  4227 | D:5      | Noticed Menkaure
  4343 | D:5      | Reached XP level 5. HP: 31/47 MP: 4/4
  5009 | D:5      | Noticed Eustachio
  5202 | D:5      | Found a hide-covered altar of Uskayaw.
  5323 | D:6      | Noticed an orc warrior
  5354 | D:7      | Noticed a hippogriff
  5362 | D:7      | Slain by a hippogriff

Skill      XL: |  1  2  3  4 |
---------------+-------------+-----
Fighting       | 4 |  4.9
Shields        | 1 2 3 |  3.8
Dodging        | 4 |  4.4
Unarmed Combat | 4 |  4.5
Stealth        | |  1.5

Action                   |  1- 3 |  4- 6 || total
-------------------------+-------+-------++-------
Melee: Unarmed           |   113 |   101 ||   214
       Headbutt          |    12 |    26 ||    38
  Use: Potion            |     2 |     2 ||     4
       Scroll            |       |     6 ||     6
 Stab: Sleeping          |     5 |       ||     5
  Eat: Chunk             |     3 |     3 ||     6
       Ration            |       |     2 ||     2
Dodge: Dodged            |    74 |    37 ||   111
Block: Shield            |    40 |    53 ||    93
